AoeStats
← Mew

Arena

504782890Analyzed
1v1 RM · 26d ago on Sep 6, 2026· 37m 43s· 2 players
Game mode
Random Map
Map size
Tiny (2 player)
Population
200
Speed
Normal
Resources
Standard
Victory
Conquest
Starting age
Dark Age
Ending age
Imperial Age
RankedLock teamsTeams togetherTeam positionsShared explorationLock speedFull tech treeHidden civsTurbo modeCheats
Victory
Defeat
🇨🇿 Khmer · Czechia
956
+15
🇨🇭 Mongols · Switzerland
927
-15
Mew
3:30 Loom
12:23 Feudal Age
13:56 Double-Bit Axe
14:00 Horse Collar
15:08 Town Watch
15:16 Fletching
20:26 Castle Age
22:41 Bodkin Arrow
Slanda_CZ
10:52 Feudal Age
14:05 Castle Age
12:13 Loom
12:51 Horse Collar
22:16 Ballistics
33:05 Town Watch
33:56 Wheelbarrow
Connection lost

Rejoining the realm…

Still unreachable

The connection could not be restored.

Session expired

The server has moved on; the page needs a fresh start.